AoeStats
← Jan_Rui

Arena

509917407Analyzed
4v4 RM · 5d ago on Sep 28, 2026· 62m 4s· 8 players
Game mode
Random Map
Map size
Large (8 player)
Population
200
Speed
Normal
Resources
Standard
Victory
Conquest
Starting age
Dark Age
Ending age
Imperial Age
RankedLock teamsTeams togetherTeam positionsShared explorationLock speedFull tech treeHidden civsTurbo modeCheats
Victory
Defeat
🇹🇼 Dravidians · Taiwan
1091
+13
🇹🇼 Teutons · Taiwan
1089
+13
🇺🇸 Bohemians · United States
1074
+13
🇨🇳 Franks · China
1013
+17
🇭🇰 Japanese · Hong Kong SAR China
1066
-16
🇨🇴 Cumans · Colombia
1044
-15
🇬🇧 Teutons · United Kingdom
1011
-14
🇨🇿 Persians · Czechia
939
-11
szczuply23
0:53 Loom
13:02 Feudal Age
13:44 Horse Collar
13:52 Double-Bit Axe
15:26 Stone Mining
19:22 Castle Age
23:23 Gold Mining
26:22 Fletching
28:08 Stone Shaft Mining
29:48 Heavy Plow
31:32 Bodkin Arrow
36:25 Imperial Age
35:44 Forging
35:35 Scale Mail Armor
36:08 Town Watch
37:09 Bow Saw
38:10 Chemistry
37:59 Crenellations
39:05 Crop Rotation
39:13 Iron Casting
38:54 Chain Mail Armor
41:46 Siege Engineers
44:02 Two-Man Saw
43:20 Onager
45:15 Plate Mail Armor
46:28 Wheelbarrow
46:49 Siege Onager
48:28 Hand Cart
49:31 Blast Furnace
49:25 Town Patrol
55:18 Pikeman
55:58 Squires
58:32 Squires
59:34 Pikeman
Jan_Rui
9:44 Feudal Age
11:42 Double-Bit Axe
12:11 Horse Collar
21:13 Castle Age
24:10 Loom
24:52 Gold Mining
24:55 Stone Mining
26:06 Heavy Plow
26:19 Bow Saw
27:42 Scale Mail Armor
27:53 Forging
27:51 Scale Barding Armor
29:11 Chain Mail Armor
32:37 Imperial Age
30:42 Wheelbarrow
29:53 Town Watch
30:48 Iron Casting
30:57 Steppe Husbandry
31:31 Chain Barding Armor
31:52 Pikeman
32:33 Squires
32:25 Light Cavalry
33:16 Bloodlines
33:39 Hand Cart
32:49 Halberdier
35:34 Plate Mail Armor
37:32 Blast Furnace
38:08 Plate Barding Armor
37:13 Hussar
44:55 Conscription
46:30 Fletching
52:51 Crop Rotation
60:34 Coinage
Udy6969
10:31 Feudal Age
15:41 Castle Age
14:39 Double-Bit Axe
16:24 Stone Mining
20:30 Loom
21:21 Wheelbarrow
21:12 Town Watch
22:21 Fletching
23:29 Gold Mining
24:04 Bow Saw
26:16 Bodkin Arrow
26:33 Horse Collar
27:43 Hand Cart
31:00 Imperial Age
30:37 Padded Archer Armor
30:01 Crossbowman
30:47 Thumb Ring
31:14 Heavy Plow
32:55 Two-Man Saw
33:08 Conscription
34:09 Chemistry
33:30 Ballistics
33:30 Leather Archer Armor
34:53 Ring Archer Armor
34:29 Scale Barding Armor
35:06 Crop Rotation
37:40 Pikeman
38:20 Squires
38:06 Arson
39:34 Scale Mail Armor
39:44 Forging
39:24 Halberdier
41:22 Elite Skirmisher
42:35 Chain Mail Armor
42:56 Iron Casting
43:14 Town Patrol
44:23 Plate Mail Armor
45:44 Husbandry
45:55 Bloodlines
45:05 Light Cavalry
51:28 Man-at-Arms
54:36 Murder Holes
169198821
3:17 Loom
11:19 Feudal Age
12:28 Horse Collar
15:57 Fletching
18:55 Castle Age
25:36 Wheelbarrow
24:57 Double-Bit Axe
26:02 Bow Saw
33:08 Imperial Age
30:55 Treadmill Crane
31:08 Guard Tower
32:44 Pikeman
33:24 Squires
33:10 Arson
34:57 Keep
35:30 Two-Man Saw
34:03 Elite Skirmisher
34:46 Scale Mail Armor
35:46 Chain Mail Armor
35:31 Padded Archer Armor
36:45 Ballistics
36:45 Arrowslits
39:24 Chemistry
39:30 Kataparuto
39:31 Conscription
39:43 Hand Cart
40:20 Yasama
42:40 Hoardings
42:45 Plate Mail Armor
42:31 Leather Archer Armor
42:16 Bodkin Arrow
44:39 Forging
44:59 Ring Archer Armor
44:32 Bracer
46:52 Halberdier
49:54 Forging
51:40 Iron Casting
54:55 Conscription
Bambuchagt
10:38 Feudal Age
15:01 Castle Age
17:04 Wheelbarrow
16:18 Double-Bit Axe
17:15 Fervor
17:45 Bow Saw
22:17 Horse Collar
22:40 Loom
24:36 Hand Cart
25:40 Town Watch
29:25 Imperial Age
27:24 Pikeman
28:05 Squires
28:24 Scale Mail Armor
28:35 Forging
28:40 Fortified Wall
30:01 Chemistry
29:46 Town Patrol
31:55 Two-Man Saw
30:22 Halberdier
31:17 Houfnice
32:24 Siege Engineers
33:36 Houfnice
35:05 Chain Mail Armor
35:26 Iron Casting
50:21 Plate Mail Armor
50:52 Blast Furnace
49:53 Padded Archer Armor
50:42 Wagenburg Tactics
55:12 Elite Skirmisher
56:25 Leather Archer Armor
56:01 Fletching
58:48 Bodkin Arrow
59:24 Ring Archer Armor
59:16 Ballistics
59:09 Masonry
61:04 Bracer
3345678
10:39 Feudal Age
14:27 Castle Age
12:16 Double-Bit Axe
15:46 Bow Saw
17:40 Horse Collar
25:26 Wheelbarrow
29:10 Imperial Age
27:17 Wheelbarrow
26:28 Loom
26:28 Town Watch
26:43 Fletching
26:53 Padded Archer Armor
26:43 Fletching
26:53 Padded Archer Armor
26:43 Fletching
26:35 Man-at-Arms
27:01 Gambesons
27:34 Bodkin Arrow
27:12 Pikeman
27:52 Squires
28:10 Gold Mining
28:10 Stone Mining
29:59 Leather Archer Armor
30:25 Town Patrol
30:26 Heavy Plow
32:07 Ring Archer Armor
31:38 Bracer
33:25 Elite Elephant Archer
34:07 Stone Mining
37:56 Hand Cart
38:50 Two-Man Saw
38:25 Medical Corps
44:56 Ballistics
45:36 Chemistry
49:58 Coinage
52:07 Banking
52:50 Light Cavalry
53:30 Husbandry
57:14 Masonry
58:53 Forging
58:48 Scale Barding Armor
58:53 Forging
58:48 Scale Barding Armor
迷人塑膠香
7:28 Loom
9:56 Feudal Age
13:19 Wheelbarrow
14:08 Fletching
21:00 Double-Bit Axe
26:16 Castle Age
34:04 Hand Cart
37:13 Imperial Age
38:24 Bloodlines
40:28 Scale Barding Armor
40:32 Cavalier
45:44 Chain Barding Armor
45:49 Conscription
46:21 Paladin
48:44 Gold Mining
49:07 Bow Saw
51:41 Forging
52:07 Plate Barding Armor
52:51 Two-Man Saw
54:31 Chemistry
53:37 Siege Engineers
53:53 Ballistics
55:02 Iron Casting
55:59 Caravan
60:05 Ironclad
76561199017414489
11:24 Feudal Age
15:00 Castle Age
13:21 Double-Bit Axe
23:38 Gold Mining
23:47 Stone Mining
27:33 Gold Shaft Mining
29:39 Imperial Age
27:29 Forging
27:25 Scale Barding Armor
29:42 Wheelbarrow
29:20 Town Watch
29:59 Chain Barding Armor
30:15 Iron Casting
30:50 Conscription
30:32 Husbandry
31:12 Cavalier
32:57 Blast Furnace
32:32 Plate Barding Armor
32:45 Hand Cart
32:34 Paladin
36:05 Chivalry
46:15 Hoardings
46:13 Elite Throwing Axeman
47:28 Masonry
47:12 Arrowslits
49:28 Ballistics
49:40 Architecture
57:30 Light Cavalry
59:34 Chemistry
Connection lost

Rejoining the realm…

Still unreachable

The connection could not be restored.

Session expired

The server has moved on; the page needs a fresh start.